 Dungeon Crawl Stone Soup version 0.30-a0-702-gdf48620a09 (webtiles) character file.

Game seed: 7120668845426097804

263 Bnni the Vexing (level 5, -4/22 HPs)
             Began as a Felid Enchanter on Jan 21, 2023.
             Was a Believer of Dithmenos.
             Killed by nerve-wracking pain
             ... invoked by Grinder
              (10 damage)
             ... on level 4 of the Dungeon.
             The game lasted 00:13:22 (3821 turns).

Bnni the Vexing (Felid Enchanter)                   Turns: 3821, Time: 00:13:23

Health: -4/22      AC:  2    Str:  4    XL:     5   Next: 97%
Magic:  8/10       EV: 17    Int: 16    God:    Dithmenos [**....]
Gold:   178        SH:  0    Dex: 19    Spells: 2/10 levels left
                                        Lives:  0   Deaths: 1

rFire   + . .      SeeInvis +      - Unarmed
rCold   . . .      Faith    .    (shield unavailable)
rNeg    . . .      Spirit   .    (body armour unavailable)
rPois   .          Reflect  .    (helmet unavailable)
rElec   .          Harm     .    (cloak unavailable)
rCorr   .          Rampage  .    (gloves unavailable)
Will    .....                    (boots unavailable)
Stlth   ++++                     (no amulet)
HPRegen 0.23/turn                b - ring of protection from fire
MPRegen 0.12/turn                (no ring)

@: confusing by touch, wreathed by umbra, quick
A: very small, claws 1, fangs 3, see invisible, speed 1, shaggy fur 2, stealthy
paws, no weapons or thrown items, no armour, multi-lived
a: Renounce Religion, Shadow Step


You were on level 4 of the Dungeon.
You worshipped Dithmenos.
Dithmenos was pleased with you.
You visited 1 branch of the dungeon, and saw 4 of its levels.

You collected 178 gold pieces.

Inventory:

Jewellery
 b - a ring of protection from fire (left paw)
Scrolls
 e - a scroll of blinking {unknown}
 g - a scroll of noise {unknown}
 h - a scroll of enchant armour {unknown}
 i - 4 scrolls of teleportation
 k - a scroll of immolation {unknown}
 l - a scroll of identify {unknown}
 n - 2 scrolls of fear {unknown}
 o - a scroll of amnesia {unknown}
 p - a scroll of fog {unknown}
 q - a scroll of poison {unknown}
Potions
 a - 2 potions of invisibility
 c - a potion of degeneration {unknown}
 d - 3 potions of haste {unknown}
 f - a potion of lignification {unknown}
 j - 2 potions of brilliance {unknown}
 m - a potion of curing {unknown}


   Skills:
 + Level 2.3 Fighting
 - Level 2.6 Dodging
 + Level 5.9 Stealth
 * Level 3.5 Unarmed Combat
 + Level 3.0 Spellcasting
 + Level 6.3 Hexes
 + Level 1.9 Ice Magic


You had 2 spell levels left.
You knew the following spells:

 Your Spells              Type           Power      Damage    Failure   Level
a - Ensorcelled Hibernat  Hex/Ice        30%        N/A       5%          2
b - Confusing Touch       Hex            22%        N/A       4%          3
t - Tukima's Dance        Hex            22%        N/A       4%          3

Your spell library contained the following spells:

 Spells                   Type           Power      Damage    Failure   Level
 Dazzling Flash           Conj/Hex       24%        N/A       16%         3
 Ozocubu's Armour         Ice            8%         N/A       26%         3
 Metabolic Englaciation   Hex/Ice        7%         N/A       67%         5
 Simulacrum               Ice/Necr       2%         N/A       100%        6


Dungeon Overview and Level Annotations

Branches:
Dungeon (4/15)
 Temple: D:4-7

Altars:
Dithmenos

Annotations:
D:4 Grinder


Innate Abilities, Weirdness & Mutations

You have sharp claws.
You have razor-sharp teeth.
You have supernaturally acute eyesight. (SInv)
You cover ground quickly. (Speed+)
You are covered in thick fur. (AC +2)
Your paws help you pounce on unaware monsters.
You are incapable of wielding weapons or throwing items.
You cannot wear armour.
You gain extra lives every three experience levels.


Message History

No target in view!
No target in view!
Magic restored.
q - a scroll labelled GOINEN SOQOIG
Found a trident.
d - 3 purple potions (gained 1)
Okay, then.
Done exploring.
Done exploring.
No target in view!
Done exploring.
Casting: Ensorcelled Hibernation (safe; 5% risk of failure)
Confirm with . or Enter, or press ? or * to list all spells.
You can't see any susceptible monsters within range! (Use Z to cast anyway.) Unknown command.
Press: ? - help, v - describe, . - travel, g - get item
Here: Grinder, carrying a wand of flame (7) (wandering, hasn't noticed you) Item here: a +0 flail.
The floor.
Casting: Ensorcelled Hibernation (safe; 5% risk of failure)
Confirm with . or Enter, or press ? or * to list all spells.
The spell is quite dangerous to miscast (4% risk of failure)!
Continue anyway?
Your paws begin to glow red.
Grinder shouts!
Grinder closely misses you.
You scratch Grinder but do no damage. Grinder gestures at you.
You suddenly lose the ability to move!
Grinder hits you.
You writhe in agony.
You can move again.
Unknown command.
You closely miss Grinder.
Grinder zaps a wand.
The puff of flame hits you. You resist.
You closely miss Grinder. Grinder hits you!
You writhe in agony.
* * * LOW HITPOINT WARNING * * *
You scratch Grinder but do no damage. Grinder misses you.
You scratch Grinder but do no damage. Grinder gestures at you.
Pain shoots through your body!
You die...

###.#).>...#.##...# #.##.####
.###).รท###.#.###.##
##...#...# #.#)...###.#.##.##
#...###### ##.#.>..##.#.##.#
#.##..# ..)#.#).##....###
#.####### # ####.#..##.....##
##.# #.# # #....#...)...#
#..# #.# #
####.#..........#####.#####.#
#
........#...<).5@........##.#
#
####....##.[..(.#####.#..##.#
# # #..#####.....# #.#..##.#
# ## #..##........# #.......#
.###..##.##...#.# ###..####
................# #..#
.###..########..# #..# ##
#..###### #..# #..# #
#.......# #..# #..#


You could see Grinder.

Vanquished Creatures
  2 kobold brigands (D:3)
  A vampire bat (D:4)
  An orc priest (D:3)
  Natasha (twice) (D:4)
  Terence (D:3)
  Robin (D:4)
  An adder (D:2)
  A worm (D:2)
  3 dart slugs
  2 fire bats (D:4)
  4 orcs
  2 spectral bats (D:4)
  3 ball pythons
  3 bat skeletons (D:4)
  A bat zombie (D:4)
  7 endoplasms
  2 giant cockroaches
  10 goblins
  14 hobgoblins
  6 jackals (D:3)
  10 kobolds
  2 quokkas
  12 bats
  A bat simulacrum (D:4)
  2 frilled lizards
  5 rats
99 creatures vanquished.

Vanquished Creatures (collateral kills)
  An orc (D:3)
1 creature vanquished.

Vanquished Creatures (others)
  A dancing weapon (D:4)
1 creature vanquished.

Grand Total: 101 creatures vanquished

Notes
Turn   | Place    | Note
-------+----------+-------------------------------------------
     0 | D:1      | Bnni the Felid Enchanter began the quest for the Orb.
     0 | D:1      | Reached XP level 1. HP: 7/7 MP: 4/4
   126 | D:1      | Reached XP level 2. HP: 12/12 MP: 6/6
   159 | D:1      | Learned a level 2 spell: Ensorcelled Hibernation
   592 | D:2      | Reached skill level 5 in Hexes
   592 | D:2      | Reached XP level 3. HP: 15/15 MP: 7/7
   655 | D:2      | Learned a level 3 spell: Confusing Touch
   942 | D:2      | Identified the +5 dagger "Suibeh" {freeze, Fly rPois rC++
                  | Stlth-}
  1444 | D:3      | Noticed a kobold brigand
  1460 | D:3      | Killed a kobold brigand
  1461 | D:3      | Reached skill level 1 in Fighting
  1461 | D:3      | Reached skill level 5 in Stealth
  1461 | D:3      | Reached skill level 1 in Ice Magic
  1461 | D:3      | Reached XP level 4. HP: 18/19 MP: 5/8
  1784 | D:3      | Found a shadowy altar of Dithmenos.
  1788 | D:3      | Became a worshipper of Dithmenos the Shadowed
  1824 | D:3      | Noticed Terence
  1842 | D:3      | Killed Terence
  1843 | D:3      | Reached XP level 5. HP: 10/22 MP: 6/9
  1847 | D:3      | Learned a level 3 spell: Tukima's Dance
  2597 | D:4      | Noticed Natasha
  2659 | D:3      | Reached skill level 6 in Hexes
  2659 | D:3      | Gained mutation: You are covered in thick fur. (AC +2)
                  | [Felid growth]
  2659 | D:3      | Reached XP level 6. HP: 10/26 MP: 0/11
  2750 | D:4      | Killed Natasha
  2760 | D:4      | Noticed Robin
  2983 | D:4      | Reached * piety under Dithmenos
  3240 | D:4      | Killed Robin
  3549 | D:4      | Noticed Grinder
  3560 | D:4      | Slain by Grinder
  3561 | D:4      | Reached XP level 5. HP: 0/22 MP: 8/10
  3621 | D:4      | Noticed Natasha
  3649 | D:4      | Reached ** piety under Dithmenos
  3664 | D:4      | Killed Natasha
  3816 | D:4      | Paralysed by Grinder for 2 turns
  3821 | D:4      | Killed from afar by Grinder

Illustrated notes

Levels and vault maps discovered:
D:1:      dpeg_arrival_arbitrary_c, layout_rooms, minmay_stone_trees_medium
D:2:      layout_basic
D:3:      cheibrodos_thug_alley, layout_basic,
          grunt_dithmenos_smoke_and_mirrors, uniq_terence
D:4:      layout_loops_ring, goddamned_bats, uniq_natasha, uniq_robin,
          uniq_grinder

Skill      XL: |  1  2  3  4  5  6 |
---------------+-------------------+-----
Hexes          | 5 6 |  6.3
Fighting       | 1 2 |  2.3
Stealth        | 5 |  5.9
Unarmed Combat | 2 3 |  3.5
Ice Magic      | 1 |  1.9
Spellcasting   | 3 |  3.0
Dodging        | |  2.6

Action                   |  1- 3 |  4- 6 || total
-------------------------+-------+-------++-------
Melee: Unarmed           |   106 |   225 ||   331
       Bite              |     8 |    20 ||    28
       Punch             |     1 |     4 ||     5
 Cast: Ensorcelled Hiber |     4 |    16 ||    20
       Confusing Touch   |     1 |     3 ||     4
       Tukima's Dance    |       |     9 ||     9
  Use: Scroll            |       |     1 ||     1
 Stab: Sleeping          |    11 |    17 ||    28
       Confused          |     1 |     3 ||     4
       Distracted        |       |     2 ||     2
Armor: Skin              |     5 |    23 ||    28
Dodge: Dodged            |    68 |   212 ||   280

Table legend: (Time is in decaauts)
 A = Elapsed time spent in this place.
 B = Non-inter-level travel time spent in this place.
 C = Inter-level travel time spent in this place.
 D = Time resting spent in this place.
 E = Time spent auto-exploring this place.
 F = Levels seen in this place.
 G = Mean time per level.
                   A        B        C        D        E       F      G
               +--------+--------+--------+--------+--------+-----+--------+
         Total |   3303 |   3195 |    108 |    310 |   2142 |   4 |  825.8 |
       Dungeon |   3303 |   3195 |    108 |    310 |   2142 |   4 |  825.8 |
               +--------+--------+--------+--------+--------+-----+--------+

Top non-repeatable levels by time:
     D:3: 1495 daAuts
     D:4: 800 daAuts
     D:2: 678 daAuts
     D:1: 329 daAuts
